[Event "Titled Tuesday Blitz July 6 2021"]
[White "Kekic, Armin"]
[Black "Quintiliano Pinto, Renato R."]
[WhiteFideId "14401274"]
[BlackFideId "2117568"]
[WhiteElo "2373"]
[BlackElo "2439"]
[Result "1/2-1/2"]
[Round "01"]
[TimeControl "180+1"]
[Date "2021.07.06"]
[WhiteClock "0:00:08"]
[BlackClock "0:00:13"]

1. e4 c5 2. Nf3 d6 3. d4 cxd4 4. Nxd4 Nf6 5. Nc3 a6 6. g3 e5 7. Nb3 Be7 8. Bg2 O-O 9. O-O b5 10. Nd5 Nxd5 11. exd5 Nd7 12. Be3 Nf6 13. h3 Bb7 14. Qd2 a5 15. Rad1 a4 16. Nc1 Qa5 17. c3 Rfc8 18. a3 Rc4 19. Na2 Ne4 20. Qd3 f5 21. Nb4 Rf8 22. Nc6 Qc7 23. Na7 Qd7 24. Rfe1 g6 25. Kh2 Ra8 26. Nc6 Bxc6 27. dxc6 Qxc6 28. Qd5+ Qxd5 29. Rxd5 Rb8 30. Red1 Rc6 31. Bxe4 fxe4 32. g4 Kf7 33. Kg2 Ke6 34. Kf1 Bd8 35. Ke2 Bc7 36. Bg5 Bb6 37. Be3 Bc7 38. Bh6 Rc4 39. Be3 Rc6 1/2-1/2


[Site "https://www.chess.com"]

[Event "Titled Tuesday Blitz July 6 2021"]
[White "Keymer, Vincent"]
[Black "Onufrienko, Vladislav"]
[WhiteFideId "12940690"]
[BlackFideId "13804332"]
[WhiteElo "2474"]
[BlackElo "1661"]
[Result "1-0"]
[Round "01"]
[TimeControl "180+1"]
[Date "2021.07.06"]
[WhiteClock "0:00:56"]
[BlackClock "0:00:05"]

1. Nf3 d5 2. c4 c6 3. e3 e6 4. Nc3 f5 5. b3 Nf6 6. Bb2 Bd6 7. g3 O-O 8. Bg2 e5 9. cxd5 cxd5 10. Nb5 Nc6 11. Nxd6 Qxd6 12. O-O Be6 13. d3 Rac8 14. Qd2 h6 15. Rfc1 Rc7 16. Rc2 Rfc8 17. Rac1 Nd7 18. h4 Ne7 19. Rxc7 Rxc7 20. Ba3 Rxc1+ 21. Qxc1 Qc6 22. Qb2 Kf7 23. Nxe5+ Nxe5 24. Qxe5 Qd7 25. Bb2 g6 26. Qg7+ Ke8 27. Qxh6 Qc6 28. Bf6 Qc1+ 29. Kh2 Qd2 30. Qg7 Bf7 31. Bg5 Qxa2 32. Qe5 Qa3 33. Qb8+ Kd7 34. Qxb7+ Ke6 35. Bxe7 Qxe7 36. Bxd5+ Kf6 37. Qxe7+ 1-0


[Site "https://www.chess.com"]

[Event "Titled Tuesday Blitz July 6 2021"]
[White "Khalafova, Narmin"]
[Black "Makhnev, Denis"]
[WhiteFideId "13402625"]
[BlackFideId "13707647"]
[WhiteElo "2109"]
[BlackElo "2537"]
[Result "0-1"]
[Round "01"]
[TimeControl "180+1"]
[Date "2021.07.06"]
[WhiteClock "0:00:12"]
[BlackClock "0:00:24"]

1. e4 c6 2. Nc3 d5 3. Nf3 Bg4 4. h3 Bh5 5. g4 Bg6 6. exd5 cxd5 7. Bb5+ Nc6 8. d4 e6 9. Be3 Bb4 10. Ne5 Ne7 11. Qd2 O-O 12. Nxg6 Nxg6 13. h4 Nxh4 14. O-O-O Nf3 15. Qd3 f5 16. gxf5 Rxf5 17. Ne2 g6 18. Ng3 Rf7 19. Kb1 Bd6 20. Rh3 Ng5 21. Rh6 Rc8 22. Rdh1 Nb4 23. Qd2 Nf3 24. Qd1 Nxc2 25. Bd3 Nxe3 26. fxe3 Qg5 27. Nf5 Rxf5 28. Bxf5 Qxf5+ 29. Ka1 Ng5 30. Rf1 Qe4 31. Rg1 Qxe3 32. Qb1 Ne4 33. Qf1 Qxh6 0-1


[Site "https://www.chess.com"]

[Event "Titled Tuesday Blitz July 6 2021"]
[White "Khusnutdinov, Rustam"]
[Black "Ogloblin, Nikolay"]
[WhiteFideId "13701703"]
[BlackFideId "4139658"]
[WhiteElo "2571"]
[BlackElo "2244"]
[Result "1-0"]
[Round "01"]
[TimeControl "180+1"]
[Date "2021.07.06"]
[WhiteClock "0:00:18"]
[BlackClock "0:00:23"]

1. d4 Nf6 2. c4 e6 3. Nc3 Bb4 4. f3 c5 5. d5 b5 6. e4 bxc4 7. Bxc4 d6 8. Ne2 O-O 9. O-O e5 10. Kh1 Nbd7 11. Ng3 Nb6 12. Bd3 c4 13. Bc2 Bd7 14. Bg5 h6 15. Be3 Rc8 16. Nce2 Bc5 17. Bd2 Qe8 18. h3 Nh7 19. f4 exf4 20. Rxf4 f6 21. h4 Na4 22. b3 cxb3 23. axb3 Nb6 24. Rxa7 Nxd5 25. Rxd7 Nxf4 26. Rxg7+ Kxg7 27. Nxf4 Kh8 28. Nf5 Rg8 29. Nxh6 Bd4 30. Nxg8 Qxg8 31. Qh5 Rxc2 32. Ng6+ Kg7 33. Bh6+ Kf7 34. Qd5+ Kxg6 35. Qxg8+ Kxh6 36. h5 Rc1+ 37. Kh2 Be5+ 38. g3 Rc2+ 39. Kh3 Ng5+ 40. Kg4 1-0


[Site "https://www.chess.com"]

[Event "Titled Tuesday Blitz July 6 2021"]
[White "Koelle, Tobias"]
[Black "Jacobson, Brandon"]
[WhiteFideId "16207378"]
[BlackFideId "30901561"]
[WhiteElo "2364"]
[BlackElo "2362"]
[Result "1-0"]
[Round "01"]
[TimeControl "180+1"]
[Date "2021.07.06"]
[WhiteClock "0:00:08"]
[BlackClock "0:00:31"]

1. d4 Nf6 2. c4 e6 3. Nc3 d5 4. cxd5 exd5 5. Bg5 c6 6. e3 h6 7. Bh4 Be7 8. Bd3 O-O 9. Nf3 Re8 10. Qc2 Nbd7 11. O-O Ne4 12. Bxe7 Qxe7 13. Nd2 Ndf6 14. Ndxe4 dxe4 15. Bc4 Be6 16. Qb3 Bxc4 17. Qxc4 Qd6 18. h3 Re6 19. b4 Nd5 20. Nxd5 cxd5 21. Qc5 Qd7 22. b5 b6 23. Qb4 Rg6 24. Kh1 f5 25. Rac1 Rf8 26. Qa4 f4 27. exf4 Rxf4 28. Rc6 Rg3 29. Kh2 Rd3 30. Qc2 Rxh3+ 31. gxh3 Rf3 32. Rg6 Qxh3+ 33. Kg1 e3 34. Rg2 exf2+ 35. Rfxf2 Rc3 36. Qe2 Re3 37. Qd2 Rd3 38. Qe2 Re3 39. Qf1 Qh4 40. Rf8+ Kh7 41. Qf5+ 1-0


[Site "https://www.chess.com"]

[Event "Titled Tuesday Blitz July 6 2021"]
[White "Kokoszczynski, Jan"]
[Black "Lobanov, Sergei"]
[WhiteFideId "1174460"]
[BlackFideId "24183750"]
[WhiteElo "2166"]
[BlackElo "2380"]
[Result "0-1"]
[Round "01"]
[TimeControl "180+1"]
[Date "2021.07.06"]
[WhiteClock "0:00:03"]
[BlackClock "0:00:23"]

1. e4 e5 2. Nf3 Nc6 3. Bb5 a6 4. Ba4 Bc5 5. c3 Nge7 6. O-O Ba7 7. d3 O-O 8. Nbd2 d6 9. Re1 Kh8 10. Nf1 f5 11. Be3 fxe4 12. dxe4 Bg4 13. N1d2 Ng6 14. h3 Bxe3 15. Rxe3 Bd7 16. Nf1 Nf4 17. Ng3 Qf6 18. Qd2 Qh6 19. Nh2 Rf6 20. Ng4 Bxg4 21. hxg4 Qh4 22. Nf5 Qxg4 23. Rg3 Ne2+ 24. Kh2 Nxg3 25. fxg3 Raf8 26. Bc2 Qh5+ 27. Kg1 Qf7 28. g4 Rg6 29. g5 Qe8 30. Nh4 Re6 31. Bb3 Re7 32. Nf5 Rd7 33. Qe3 Ne7 34. g4 Ng6 35. Rf1 Nf4 36. Rf2 Qg6 37. Rh2 Qxg5 38. Qg3 g6 39. Ne3 Nh5 40. Qg2 Qxe3+ 0-1


[Site "https://www.chess.com"]

[Event "Titled Tuesday Blitz July 6 2021"]
[White "Korchmar, Vasiliy"]
[Black "Koridze, Lile"]
[WhiteFideId "24131750"]
[BlackFideId "13612514"]
[WhiteElo "2370"]
[BlackElo "1978"]
[Result "1-0"]
[Round "01"]
[TimeControl "180+1"]
[Date "2021.07.06"]
[WhiteClock "0:00:06"]
[BlackClock "0:00:46"]

1. d4 Nf6 2. Nf3 d5 3. Bf4 c6 4. e3 Bg4 5. Nbd2 e6 6. c4 Bd6 7. Bg5 O-O 8. Qb3 b6 9. Rc1 Nbd7 10. Bd3 h6 11. Bh4 Qb8 12. O-O c5 13. cxd5 exd5 14. Bb5 c4 15. Qc2 a6 16. Bc6 Ra7 17. e4 dxe4 18. Bxe4 b5 19. Bf5 Bf4 20. Rce1 Qd6 21. Bxg4 Nxg4 22. Be7 Bxh2+ 23. Kh1 Qd5 24. Nxh2 Qh5 25. Nf3 Nde5 26. dxe5 Rxe7 27. Qe4 Nxe5 28. Nxe5 f6 29. Qd5+ Kh7 30. Qd6 Rfe8 31. Nf3 Re4 32. Rxe4 Rxe4 33. Qg3 Re2 34. b3 Rxa2 35. bxc4 bxc4 36. Kg1 c3 37. Qc7 c2 38. Qc4 Rb2 39. Qd3+ f5 40. Nd4 Rb1 41. Rxb1 cxb1=Q+ 42. Qxb1 g6 43. Nhf3 Qg4 44. Qb7+ Kg8 45. Qxa6 Qe4 46. Qc8+ Kg7 47. Qc7+ Kf6 48. Qd8+ Kf7 49. Qd6 Qb1+ 50. Kh2 Qe4 51. Ne5+ Ke8 52. Qc6+ Ke7 53. Qxe4 fxe4 54. Nxg6+ 1-0


[Site "https://www.chess.com"]

[Event "Titled Tuesday Blitz July 6 2021"]
[White "Kovacsy, Barnabas"]
[Black "Rustemov, Alexander"]
[WhiteFideId "769290"]
[BlackFideId "4119002"]
[WhiteElo "1938"]
[BlackElo "2846"]
[Result "0-1"]
[Round "01"]
[TimeControl "180+1"]
[Date "2021.07.06"]
[WhiteClock "0:00:30"]
[BlackClock "0:00:28"]

1. e4 e6 2. d4 d5 3. Nc3 dxe4 4. Nxe4 Bd7 5. Bd3 Bc6 6. Nf3 Nd7 7. Qe2 Ngf6 8. c3 Nxe4 9. Bxe4 Bxe4 10. Qxe4 c6 11. Bg5 Be7 12. Bxe7 Qxe7 13. O-O O-O 14. Rfe1 Rad8 15. Ne5 Nxe5 16. Qxe5 Rd5 17. Qe3 Rfd8 18. h3 g6 19. Re2 c5 20. dxc5 Qxc5 21. Qxc5 Rxc5 22. Kf1 Rcd5 23. Ke1 Kg7 24. f3 Kf6 25. Kf2 h5 26. h4 a6 27. Rae1 b5 28. b3 Rd3 29. Re3 Rd2+ 30. R1e2 Rd1 31. Re1 R1d5 32. R1e2 Rc8 33. Rc2 e5 34. g3 Kf5 35. Ke2 Rcd8 36. Kf2 f6 37. Rce2 Rd1 38. Re1 R1d5 39. R1e2 R8d6 40. Re1 Rc6 41. R1e2 a5 42. Rc2 Rcd6 43. Rce2 a4 44. c4 bxc4 45. bxc4 Rd4 46. c5 Rc6 47. Rc3 Ke6 48. Rec2 Kd5 49. Ke3 f5 50. Rc1 f4+ 51. gxf4 Rxf4 52. Rd1+ Ke6 53. Rh1 Kd5 54. Rd1+ Rd4 55. Rcd3 Rxd3+ 56. Rxd3+ Kxc5 57. Rd2 Kb4 58. Ke4 Rc4+ 59. Kxe5 Rxh4 60. Kf6 Rf4+ 61. Kxg6 Rxf3 62. Kxh5 Kc3 63. Re2 Rg3 64. Kh4 Rg1 65. Re3+ Kb2 66. Re2+ Ka3 67. Re3+ Kxa2 68. Re2+ Ka1 69. Re3 Rg2 70. Kh3 Rb2 71. Kg4 Ka2 72. Kf4 a3 73. Ke4 Rd2 74. Rc3 Kb2 75. Rc8 a2 76. Rb8+ Kc1 77. Ra8 Kb1 78. Ke3 Rb2 0-1


[Site "https://www.chess.com"]

[Event "Titled Tuesday Blitz July 6 2021"]
[White "Kulkarni, Rakesh"]
[Black "Afanasiev, Nikita"]
[WhiteFideId "5037077"]
[BlackFideId "24183555"]
[WhiteElo "2246"]
[BlackElo "2521"]
[Result "0-1"]
[Round "01"]
[TimeControl "180+1"]
[Date "2021.07.06"]
[WhiteClock "0:00:02"]
[BlackClock "0:01:06"]

1. e4 c5 2. c3 Nf6 3. e5 Nd5 4. d4 cxd4 5. Nf3 Nc6 6. cxd4 e6 7. Bc4 d6 8. O-O Be7 9. Qe2 O-O 10. Nc3 Nb6 11. Bb3 Bd7 12. Re1 Rc8 13. Bc2 Nb4 14. Bb1 N4d5 15. Qe4 g6 16. Nxd5 Nxd5 17. Bh6 Re8 18. a3 Qb6 19. Ng5 Qxb2 20. Bd3 Rc3 21. Rab1 Qxa3 22. Rxb7 Bc6 23. Rxe7 Nxe7 24. Qf4 Nf5 25. Bxf5 exf5 26. Nxh7 Kxh7 27. Bg5 Rh3 28. gxh3 Qxh3 29. Qh4+ Qxh4 30. Bxh4 dxe5 31. dxe5 Kh6 32. Bf6 g5 33. Rc1 Bd5 34. Rd1 Be6 35. Rd6 f4 36. h4 gxh4 37. Bxh4 Kh5 38. Bf6 Rg8+ 39. Kf1 Kg4 40. Ke2 Kf5 41. Ra6 Bc4+ 42. Kf3 Bxa6 43. e6 Kxf6 0-1


[Site "https://www.chess.com"]

[Event "Titled Tuesday Blitz July 6 2021"]
[White "Lagunow, Raphael"]
[Black "Khamrakulov, Djurabek"]
[WhiteFideId "24652644"]
[BlackFideId "14201143"]
[WhiteElo "2400"]
[BlackElo "2535"]
[Result "1/2-1/2"]
[Round "01"]
[TimeControl "180+1"]
[Date "2021.07.06"]
[WhiteClock "0:00:18"]
[BlackClock "0:00:25"]

1. e4 d5 2. exd5 Qxd5 3. Nc3 Qd8 4. d4 g6 5. Bc4 Bg7 6. Nf3 Nf6 7. O-O O-O 8. h3 a6 9. a4 b6 10. Re1 Bb7 11. Ne5 Nc6 12. Nxc6 Bxc6 13. d5 Bb7 14. Bg5 h6 15. Bh4 Qd6 16. Bg3 Qc5 17. Bb3 Rad8 18. Qe2 Rfe8 19. Rad1 Nxd5 20. Nxd5 Bxd5 21. Bxc7 Qxc7 22. Bxd5 Bxb2 23. Qxa6 e6 24. Bb3 Bc3 25. Rf1 Bd4 26. Qe2 Qc5 27. Rd3 e5 28. Qf3 Qe7 29. Re1 e4 30. Qg4 Bxf2+ 31. Kh1 Kg7 32. Rxe4 Qxe4 33. Qxe4 Rxe4 34. Rxd8 Bg3 35. Rd1 f5 36. Kg1 h5 37. Ra1 Kf6 38. Bd5 Re2 39. c4 Ke5 40. Bf3 Re3 41. a5 bxa5 42. Rxa5+ Kd4 43. Ra1 Kxc4 44. Kf1 Kd4 45. Be2 h4 46. Rd1+ Ke5 47. Rd3 Re4 48. Ra3 Kf4 49. Rc3 Rb4 50. Rc4+ Rxc4 51. Bxc4 g5 52. Be2 g4 53. hxg4 fxg4 54. Kg1 Kg5 55. Kh1 Bf4 56. Kg1 Be3+ 57. Kh2 Kf4 58. Kh1 Kg3 59. Bd1 Bd4 60. Be2 Be5 61. Bd1 Kf4 62. Be2 g3 63. Bh5 Ke3 64. Bg6 Kf2 65. Bf5 Bf4 66. Bh3 Kf1 67. Bg4 Be3 68. Bh3 Bf2 69. Bg4 Bg1 70. Bh3 Bf2 71. Bg4 Bg1 72. Bh3 Bf2 1/2-1/2


[Site "https://www.chess.com"]

[Event "Titled Tuesday Blitz July 6 2021"]
[White "Leve, Nitai"]
[Black "Tristan, Leonardo"]
[WhiteFideId "2006898"]
[BlackFideId "113816"]
[WhiteElo "2144"]
[BlackElo "2404"]
[Result "1-0"]
[Round "01"]
[TimeControl "180+1"]
[Date "2021.07.06"]
[WhiteClock "0:00:17"]
[BlackClock "0:00:42"]

1. e4 c5 2. Nf3 Nc6 3. d4 cxd4 4. Nxd4 Nf6 5. Nc3 e6 6. Nxc6 bxc6 7. Bd3 d5 8. exd5 cxd5 9. O-O Be7 10. b3 O-O 11. Bb2 Bb7 12. Re1 Rc8 13. Qe2 Qa5 14. Qf3 Rc7 15. Nb5 Rc5 16. Ba3 Ne4 17. b4 Qxb5 18. Bxb5 Rxb5 19. Rad1 a5 20. bxa5 Bxa3 21. Qxa3 Ra8 22. Rb1 Rbxa5 23. Qe7 Bc6 24. Qc7 Be8 25. Rb8 Kf8 26. Rxa8 Rxa8 27. Ra1 Ra4 28. f3 Nf6 29. Qd6+ Kg8 30. a3 h5 31. Rb1 Rc4 32. Rb8 Kh7 33. Qe7 Bd7 34. Qxf7 Rxc2 35. h3 d4 36. Rb7 d3 37. Rxd7 Nxd7 38. Qxd7 d2 39. Qd3+ Kh6 40. Qxc2 Kg5 41. Qxd2+ Kh4 42. Qf4# 1-0


[Site "https://www.chess.com"]

[Event "Titled Tuesday Blitz July 6 2021"]
[White "Ljukin, Sergei"]
[Black "Alavi, Sayed Javad"]
[WhiteFideId "14102200"]
[BlackFideId "12500607"]
[WhiteElo "2309"]
[BlackElo "2495"]
[Result "1-0"]
[Round "01"]
[TimeControl "180+1"]
[Date "2021.07.06"]
[WhiteClock "0:00:10"]
[BlackClock "0:00:01"]

1. e4 c5 2. Nf3 e6 3. d4 cxd4 4. Nxd4 Nc6 5. Nc3 Qc7 6. Be3 a6 7. Qd2 Nf6 8. f3 Be7 9. O-O-O O-O 10. g4 b5 11. Nce2 Bb7 12. Ng3 d5 13. g5 Nd7 14. exd5 Nxd4 15. dxe6 Nxc2 16. Qxc2 Rac8 17. Qxc7 Rxc7+ 18. Kb1 fxe6 19. Be2 Bxf3 20. Bxf3 Rxf3 21. Rhe1 Kf7 22. Ne4 Ne5 23. h4 Nc4 24. Bd4 Rd7 25. h5 Bb4 26. g6+ hxg6 27. Ng5+ Kg8 28. Nxf3 Bxe1 29. Rxe1 gxh5 30. Rxe6 h4 31. Re4 h3 32. Rh4 Rf7 33. Rxh3 Rxf3 34. Rh1 Rd3 35. Bc3 Rg3 36. Rd1 g5 37. Rd8+ Kf7 38. Ra8 1-0


[Site "https://www.chess.com"]

[Event "Titled Tuesday Blitz July 6 2021"]
[White "Lodici, Lorenzo"]
[Black "Porter, Ryan W"]
[WhiteFideId "884189"]
[BlackFideId "2011239"]
[WhiteElo "2265"]
[BlackElo "2354"]
[Result "1-0"]
[Round "01"]
[TimeControl "180+1"]
[Date "2021.07.06"]
[WhiteClock "0:01:31"]
[BlackClock "0:00:27"]

1. d4 d6 2. e4 Nf6 3. Bd3 e5 4. c3 Nbd7 5. Nf3 d5 6. dxe5 dxe4 7. exf6 exf3 8. fxg7 Bxg7 9. gxf3 Ne5 10. Be4 Qxd1+ 11. Kxd1 f5 12. Bd5 c6 13. Re1 Kf8 14. Bf4 Nf7 15. Bb3 Bd7 16. Nd2 Re8 17. Kc2 Bf6 18. Nc4 b6 19. Nd6 Rxe1 20. Rxe1 Nxd6 21. Bxd6+ Kg7 22. Rg1+ Kh6 23. Bf4+ Kh5 24. Bf7+ Kh4 25. Bg3+ Kh3 26. Bc4 1-0


[Site "https://www.chess.com"]

[Event "Titled Tuesday Blitz July 6 2021"]
[White "Lomaia, Diana"]
[Black "Akhvlediani, Irakli"]
[WhiteFideId "13612476"]
[BlackFideId "13601938"]
[WhiteElo "1742"]
[BlackElo "2226"]
[Result "0-1"]
[Round "01"]
[TimeControl "180+1"]
[Date "2021.07.06"]
[WhiteClock "0:00:56"]
[BlackClock "0:02:58"]

1. d4 Nf6 2. c4 g6 3. g3 Bg7 4. Bg2 O-O 5. Nc3 d6 6. Nf3 Nc6 7. O-O e5 8. dxe5 dxe5 9. Bg5 Be6 10. Qa4 Qb8 11. Rfd1 Nd7 12. Be3 Nb6 13. Bxb6 axb6 14. Qc2 Bxc4 15. a3 Nd4 16. Nxd4 exd4 17. Nd5 Bxd5 18. Bxd5 c6 19. Bf3 Qe5 20. Rd3 h5 21. e3 dxe3 22. Rxe3 Qxb2 23. Qxb2 Bxb2 24. Rb1 Bd4 25. Rd3 Bc5 0-1


[Site "https://www.chess.com"]

[Event "Titled Tuesday Blitz July 6 2021"]
[White "Lopez Gracia, Fernando"]
[Black "Molina, Roberto Junio Brito"]
[WhiteFideId "2207184"]
[BlackFideId "2109450"]
[WhiteElo "2349"]
[BlackElo "2402"]
[Result "1-0"]
[Round "01"]
[TimeControl "180+1"]
[Date "2021.07.06"]
[WhiteClock "0:00:27"]
[BlackClock "0:00:41"]

1. c4 c6 2. d4 d5 3. cxd5 cxd5 4. Nc3 Nf6 5. Bf4 Qb6 6. e3 Qxb2 7. Bb5+ Bd7 8. Bxd7+ Nbxd7 9. Nge2 Qa3 10. O-O a6 11. Rb1 b5 12. Bc7 e6 13. Qd3 Rc8 14. Rb3 Qe7 15. Ba5 Qd6 16. Bb4 Qc7 17. Bxf8 Nxf8 18. Rc1 N8d7 19. Qd1 Qd8 20. a4 bxa4 21. Nxa4 O-O 22. Ra1 Qc7 23. Rba3 Qc2 24. Nac3 Qxd1+ 25. Nxd1 Nb8 26. f3 Rc2 27. Nec3 Rc8 28. Rb1 Nfd7 29. Kf1 g5 30. Ne2 Kf8 31. Ndc3 Ke7 32. Re1 h6 33. Rb1 Rc7 34. Ke1 Nc6 35. Kd1 Rxe2 36. Kxe2 Ra7 37. Kd2 Kd6 38. Na4 Na5 39. Ra2 Nc4+ 40. Kd3 e5 41. e4 exd4 42. Kxd4 Nce5 43. Nc3 Nc6+ 44. Kd3 Nc5+ 45. Kd2 dxe4 46. Nxe4+ Nxe4+ 47. fxe4 Ke5 48. Rb6 Nd4 49. Rbxa6 Rd7 50. Ke3 Nb3 51. Rb2 Nc5 52. Rb5 Rd3+ 53. Ke2 Rc3 54. Rc6 Kd4 55. Rd6+ Kxe4 56. Rxh6 Rc2+ 57. Kd1 Rc4 58. h4 g4 59. Rf6 Na4 60. Rb3 Nc3+ 61. Kd2 Nd5 62. Rxf7 Ra4 63. Rb2 Ra3 64. h5 Rg3 65. Rf2 Rd3+ 66. Ke1 Rc3 67. h6 Rc1+ 68. Kd2 Rc8 69. Re2+ Kd4 70. Ke1 Rh8 71. Rbd2+ Kc4 72. Re4+ Kc5 73. Re5 1-0


[Site "https://www.chess.com"]

[Event "Titled Tuesday Blitz July 6 2021"]
[White "Lortkipanidze, Nodar"]
[Black "Duarte, Leonardo"]
[WhiteFideId "13604058"]
[BlackFideId "110582"]
[WhiteElo "2312"]
[BlackElo "2217"]
[Result "1-0"]
[Round "01"]
[TimeControl "180+1"]
[Date "2021.07.06"]
[WhiteClock "0:01:27"]
[BlackClock "0:00:02"]

1. e4 c5 2. c3 d5 3. exd5 Qxd5 4. d4 Nc6 5. Nf3 Bg4 6. Be2 cxd4 7. cxd4 e6 8. Nc3 Qd8 9. h3 Bh5 10. O-O Nf6 11. Be3 Be7 12. Qb3 Rb8 13. Rfd1 Nd5 14. Nxd5 exd5 15. Bf4 Bd6 16. Qxd5 Bxf4 17. Qxh5 O-O 18. Bc4 Qf6 19. g3 g6 20. Qh4 Qxh4 21. Nxh4 Bd6 22. a3 Rbd8 23. Nf3 Be7 24. d5 Na5 25. Ba2 b6 26. Rac1 Bf6 27. b4 Nb7 28. Rc7 Nd6 29. Rxa7 Nb5 30. Ra6 Nc3 31. Rd2 Rfe8 32. Kg2 h5 33. h4 Nxa2 34. Rxa2 Rxd5 35. Rxb6 Ra8 36. Rxf6 Rd3 37. a4 Rd4 38. Nxd4 1-0


[Site "https://www.chess.com"]

[Event "Titled Tuesday Blitz July 6 2021"]
[White "Lu, Ming"]
[Black "Shetty, Atulya"]
[WhiteFideId "30930880"]
[BlackFideId "2031213"]
[WhiteElo "2208"]
[BlackElo "2352"]
[Result "1/2-1/2"]
[Round "01"]
[TimeControl "180+1"]
[Date "2021.07.06"]
[WhiteClock "0:00:33"]
[BlackClock "0:00:57"]

1. d4 d5 2. c4 c6 3. Nc3 Nf6 4. cxd5 cxd5 5. Bf4 Nc6 6. e3 a6 7. Nf3 Bg4 8. Bd3 e6 9. O-O Bd6 10. Bxd6 Qxd6 11. h3 Bxf3 12. Qxf3 O-O 13. Rac1 b5 14. Rfd1 Rac8 15. g3 Na5 16. e4 dxe4 17. Nxe4 Nxe4 18. Qxe4 g6 19. b3 Nc6 20. Bb1 Rfd8 21. Kg2 Ne7 22. Rxc8 Rxc8 23. Qe5 Rd8 24. Rc1 Qxd4 25. Qxd4 Rxd4 26. Rc7 Kf8 27. Ra7 Rd6 28. Be4 Nd5 29. Bxd5 exd5 30. Kf3 Kg7 31. Ke3 d4+ 32. Kd3 Kf6 33. f4 h5 34. g4 hxg4 35. hxg4 g5 36. fxg5+ Kg6 37. Re7 Rd5 38. Ra7 Rd6 39. b4 Rc6 40. a3 Rc3+ 41. Kxd4 Rxa3 42. Kc5 Ra1 43. Kb6 Rf1 44. Kxa6 Ra1+ 45. Kb6 Rxa7 46. Kxa7 Kxg5 47. Kb6 Kxg4 48. Kxb5 f5 49. Kc6 f4 50. b5 f3 51. b6 f2 52. b7 f1=Q 53. b8=Q Qc4+ 54. Kb7 1/2-1/2


[Site "https://www.chess.com"]

[Event "Titled Tuesday Blitz July 6 2021"]
[White "Maghsoodloo, Parham"]
[Black "Zufic, Miroslav"]
[WhiteFideId "12539929"]
[BlackFideId "14506157"]
[WhiteElo "2601"]
[BlackElo "2362"]
[Result "1-0"]
[Round "01"]
[TimeControl "180+1"]
[Date "2021.07.06"]
[WhiteClock "0:00:18"]
[BlackClock "0:00:02"]

1. e4 c5 2. Nf3 Nc6 3. Nc3 d6 4. Bb5 Bd7 5. d4 cxd4 6. Nxd4 Nxd4 7. Bxd7+ Qxd7 8. Qxd4 Nf6 9. Bg5 Qg4 10. Bxf6 gxf6 11. Nd5 Rc8 12. Qa4+ Kd8 13. O-O Rg8 14. g3 h5 15. Rfe1 h4 16. Re3 f5 17. Qa5+ b6 18. Qxa7 f4 19. Qxb6+ Ke8 20. Rc3 hxg3 21. hxg3 Rxc3 22. bxc3 f5 23. Qc6+ Kf7 24. Qc4 e6 25. Nc7 Rg6 26. exf5 Qxf5 27. Re1 d5 28. Qc6 fxg3 29. f4 1-0


[Site "https://www.chess.com"]

[Event "Titled Tuesday Blitz July 6 2021"]
[White "Makhmudov, Shukhrat"]
[Black "Samunenkov, Ihor"]
[WhiteFideId "14200775"]
[BlackFideId "14187086"]
[WhiteElo "2135"]
[BlackElo "2281"]
[Result "1-0"]
[Round "01"]
[TimeControl "180+1"]
[Date "2021.07.06"]
[WhiteClock "0:01:27"]
[BlackClock "0:00:25"]

1. e4 c5 2. Nf3 Nc6 3. d4 cxd4 4. Nxd4 g6 5. Nxc6 bxc6 6. Qd4 Nf6 7. e5 Nd5 8. Nc3 Nxc3 9. e6 f6 10. Qxc3 Bg7 11. exd7+ Bxd7 12. Bc4 e6 13. O-O O-O 14. Rd1 Qe7 15. Be3 Rfd8 16. Bc5 Qf7 17. Qe3 Bf8 18. Rxd7 Bxc5 19. Rxd8+ Rxd8 20. Qxc5 Qd7 21. Re1 Kg7 22. h3 e5 23. Re3 Qd1+ 24. Bf1 Kh6 25. Qxc6 Rd6 26. Qf3 Qa1 27. Rd3 Re6 28. Qe3+ g5 29. h4 Qxb2 30. hxg5+ fxg5 31. Qh3+ Kg7 32. Qxe6 Qxc2 33. Rd7+ Kh8 34. Qe8# 1-0


[Site "https://www.chess.com"]

[Event "Titled Tuesday Blitz July 6 2021"]
[White "Maly, Alexey"]
[Black "Nguyen Hong Nhung"]
[WhiteFideId "14103184"]
[BlackFideId "12412201"]
[WhiteElo "2285"]
[BlackElo "1661"]
[Result "1-0"]
[Round "01"]
[TimeControl "180+1"]
[Date "2021.07.06"]
[WhiteClock "0:00:56"]
[BlackClock "0:01:29"]

1. d4 Nf6 2. c4 c5 3. d5 b5 4. Nf3 bxc4 5. Nc3 g6 6. e4 d6 7. Bxc4 Bg7 8. e5 dxe5 9. Nxe5 O-O 10. O-O Ba6 11. Bxa6 Nxa6 12. Nc6 Qd7 13. Re1 Rfe8 14. Bg5 Nb4 15. Qa4 Nbxd5 16. Nxd5 Qxd5 17. Bxf6 Bxf6 18. Rad1 Qg5 19. Rd7 e6 20. b3 Rac8 21. Rxa7 Qd5 22. Na5 Ra8 23. Nc4 Rxa7 24. Qxa7 Ra8 25. Qc7 Rxa2 26. Nd6 e5 27. Qc8+ Kg7 28. Ne8+ Kh6 29. Nxf6 Qd2 30. Qf8+ Kg5 31. Ne4+ 1-0


[Site "https://www.chess.com"]

[Event "Titled Tuesday Blitz July 6 2021"]
[White "Manukian, Artak"]
[Black "Timmermans, Mark"]
[WhiteFideId "13301373"]
[BlackFideId "1026399"]
[WhiteElo "2383"]
[BlackElo "2460"]
[Result "1-0"]
[Round "01"]
[TimeControl "180+1"]
[Date "2021.07.06"]
[WhiteClock "0:00:12"]
[BlackClock "0:00:06"]

1. e4 e5 2. Nf3 Nc6 3. d4 exd4 4. Nxd4 Nf6 5. Nxc6 bxc6 6. e5 Qe7 7. Qe2 Nd5 8. c4 Nb6 9. b3 g6 10. g3 Bg7 11. Bb2 O-O 12. Bg2 Re8 13. f4 f6 14. O-O fxe5 15. Re1 e4 16. Na3 d5 17. Rac1 Bg4 18. Qc2 Rac8 19. Bxg7 Qxg7 20. cxd5 cxd5 21. Nb5 c5 22. Nd6 Red8 23. Nxc8 Rxc8 24. h3 Be6 25. Qd2 Qd4+ 26. Qxd4 cxd4 27. Rxc8+ Bxc8 28. Bxe4 dxe4 29. Rxe4 Bxh3 30. Rxd4 Kf7 31. Kf2 Be6 32. Rd8 h5 33. Ke3 Ke7 34. Rh8 Kd6 35. Kd4 a5 36. Rb8 Kc7 37. Re8 Bf5 38. Re5 a4 39. b4 Kc6 40. a3 Bd7 41. Rc5+ Kd6 42. Ra5 Bc8 43. Re5 Bd7 44. Ra5 Bc6 45. Ra6 Kc7 46. Kc5 Nd7+ 47. Kd4 Nb6 48. Kc5 Nd7+ 49. Kd4 Kb7 50. Ra5 Kb6 51. Rg5 Nf8 52. Ke5 Bd7 53. Kf6 Bf5 54. Rxf5 gxf5 55. Kxf5 Kc6 56. Kg5 Kd5 57. Kxh5 Kc4 58. g4 Kb3 59. b5 Kxa3 60. b6 Kb4 61. b7 Nd7 62. g5 a3 63. g6 a2 64. g7 a1=Q 65. g8=Q Nf6+ 66. Kg6 Nxg8 67. b8=Q+ Kc5 68. Qf8+ Kd5 69. Qxg8+ Kd6 70. Qf8+ Kd7 71. Qf7+ Kd8 72. Qf6+ Qxf6+ 73. Kxf6 Ke8 74. Kg7 Ke7 75. f5 1-0


[Site "https://www.chess.com"]

[Event "Titled Tuesday Blitz July 6 2021"]
[White "Marchena Hurtado, Javier"]
[Black "Nguyen, Quoc Hy"]
[WhiteFideId "2271583"]
[BlackFideId "12410853"]
[WhiteElo "2106"]
[BlackElo "1975"]
[Result "0-1"]
[Round "01"]
[TimeControl "180+1"]
[Date "2021.07.06"]
[WhiteClock "0:00:02"]
[BlackClock "0:00:07"]

1. e4 c5 2. Nf3 d6 3. d4 cxd4 4. Nxd4 Nf6 5. Nc3 a6 6. Be3 e6 7. Qd2 Be7 8. O-O-O b5 9. f3 Bb7 10. g4 Nc6 11. Kb1 Rc8 12. g5 Nd7 13. h4 Nde5 14. Qf2 Qa5 15. Nb3 Qc7 16. h5 Nc4 17. Bxc4 bxc4 18. Nd4 Rb8 19. g6 Nxd4 20. Bxd4 e5 21. Bb6 Qc8 22. gxf7+ Kxf7 23. f4 exf4 24. Qxf4+ Bf6 25. Bd4 Qe6 26. h6 g5 27. Qxf6+ Qxf6 28. Bxf6 Kxf6 29. Rxd6+ Ke5 30. Rd7 g4 31. Rg7 Rhg8 32. Rxh7 g3 33. Rg7 Rxg7 34. hxg7 Rg8 35. Kc1 Rxg7 36. Kd2 g2 37. Rg1 Bxe4 38. Nxe4 Kxe4 39. Ke2 Kd4 40. Kf2 c3 41. bxc3+ Kxc3 42. Rxg2 Re7 43. Rg3+ Kxc2 44. Ra3 Re6 45. Kf3 Kb2 46. Ra5 Kc3 0-1


[Site "https://www.chess.com"]